 Dungeon Crawl Stone Soup version 0.28.0-45-g0d030f2227 (webtiles) character file.

Game seed: 6724107493252467790

91 McKennaii the Covered (level 4, -1/38 HPs)
             Began as a Demigod Fighter on Apr 19, 2022.
             Slain by Grinder (6 damage)
             ... on level 3 of the Dungeon.
             The game lasted 00:01:10 (2448 turns).

McKennaii the Covered (Demigod Fighter)             Turns: 2448, Time: 00:01:10

Health: -1/38      AC:  8    Str: 21    XL:     4   Next: 12%
Magic:  15/15      EV:  9    Int: 10    God:
Gold:   94         SH:  4    Dex: 13    Spells: 3/3 levels left

rFire   . . .      SeeInvis .   a - +0 trident
rCold   . . .      Faith    .   c - +0 buckler
rNeg    . . .      Spirit   .   b - +0 scale mail
rPois   .          Reflect  .   f - +0 helmet
rElec   .          Harm     .   (no cloak)
rCorr   .          Rampage  .   (no gloves)
Will    .....                   (no boots)
Stlth   ..........              (no amulet)
HPRegen 0.12/turn               g - ring of magical power
MPRegen 0.14/turn               (no ring)

@: no status effects
A: high MP 1, forlorn, divine attributes
a: no special abilities


You were on level 3 of the Dungeon.
You visited 1 branch of the dungeon, and saw 3 of its levels.

You collected 94 gold pieces.

Inventory:

Hand Weapons
 a - a +0 trident (weapon)
Armour
 b - a +0 scale mail (worn)
 c - a +0 buckler (worn)
 f - a +0 helmet (worn)
Jewellery
 g - a ring of magical power (left hand)
 l - a ring of protection from fire
Scrolls
 e - a scroll of fear {unknown}
 k - a scroll of enchant weapon {unknown}
 m - 3 scrolls of teleportation {unknown}
 p - 2 scrolls of blinking {unknown}
 r - a scroll of enchant armour {unknown}
Potions
 d - a potion of might
 h - a potion of invisibility {unknown}
 i - a potion of ambrosia {unknown}
 j - 2 potions of berserk rage {unknown}
 n - a potion of haste {unknown}
 o - a potion of heal wounds {unknown}
 q - a potion of curing {unknown}
 s - a potion of flight {unknown}


   Skills:
 + Level 3.3 Fighting
 + Level 2.6 Polearms
 + Level 3.3 Armour
 + Level 3.2 Shields


You had 3 spell levels left.
You didn't know any spells.
Your spell library contained the following spells:

 Spells                   Type           Power      Damage    Failure   Level
 Cause Fear               Hex            0%         N/A       100%        4
 Dragon Form              Tmut           0%         N/A       100%        7
 Dragon's Call            Summ           0%         N/A       100%        9


Dungeon Overview and Level Annotations

Branches:
Dungeon (3/15)

Annotations:
D:3 Grinder


Innate Abilities, Weirdness & Mutations

You have an increased reservoir of magic. (+10% MP)
You shall have no god before yourself.
Your divine heritage dramatically boosts your attributes as you level up.


Message History

The adder bites you.
You closely miss the adder.
The adder is severely wounded.
The adder barely misses you.
You closely miss the adder.
The adder is severely wounded.
The adder barely misses you. The adder bites you but does no damage.
You miss the adder.
The adder is severely wounded.
The adder misses you.
Grinder says, "There's only one good use for a tongue: cutting it out."
You closely miss the adder.
The adder is severely wounded.
The adder bites you but does no damage.
Grinder says, "Wait up."
The adder barely misses you.
You completely miss the adder.
The adder is severely wounded.
The adder bites you but does no damage. The adder barely misses you.
You hit the adder.
You kill the adder!
You closely miss Grinder. Grinder gestures at you.
Pain shoots through your body!
You hit Grinder.
Grinder is lightly wounded.
Grinder hits you but does no damage.
You closely miss Grinder.
Grinder is lightly wounded.
Grinder hits you.
You puncture Grinder!
Grinder is moderately wounded.
Grinder hits you. x2
* * * LOW HITPOINT WARNING * * *
You writhe in agony.
* * * LOW HITPOINT WARNING * * *
You puncture Grinder!
Grinder is severely wounded.
Grinder hits you.
You die...

.... ###...###
#.......# .......#
........ #....#.# #
#....#.#
#.####?####.##### #
#..@5...........#.#
#######.###.###.#.#
#.# #.##....# #.#
#.##....#. #.#
#...<..... #.#
#......... #.#
##.......# #.#
###...... #...###


You could see Grinder.

Vanquished Creatures
  5 adders
  2 dart slugs (D:1)
  6 ball pythons
  2 endoplasms (D:1)
  A giant cockroach (D:1)
  5 hobgoblins
  2 quokkas (D:2)
  5 bats
  3 frilled lizards
  4 goblins
  4 kobolds
  4 rats
43 creatures vanquished.

Notes
Turn   | Place    | Note
-------+----------+-------------------------------------------
     0 | D:1      | McKennaii the Demigod Fighter began the quest for the Orb.
     0 | D:1      | Reached XP level 1. HP: 18/18 MP: 3/3
   346 | D:1      | Reached XP level 2. HP: 25/25 MP: 4/4
  1361 | D:2      | Reached XP level 3. HP: 27/31 MP: 5/5
  2421 | D:3      | Reached XP level 4. HP: 38/38 MP: 6/6
  2429 | D:3      | Noticed Grinder
  2448 | D:3      | Slain by Grinder

Illustrated notes

Levels and vault maps discovered:
D:1:      dpeg_arrival_arbitrary_c, layout_basic,
          shapermc_ecumenical_altar_hornbeckon
D:2:      layout_loops_ring, chequers_decorated_corner, grunt_ministairs_5,
          minmay_circled_x
D:3:      layout_loops_ring, grunt_temple_overflow_growth_and_decay,
          uniq_terence, uniq_grinder, uniq_ijyb

Skill      XL: |  1  2 |
---------------+-------+-----
Polearms       | 2 |  2.6
Shields        | 3 |  3.2
Fighting       | 3 |  3.3
Armour         | 3 |  3.3

Action                   |  1- 3 |  4- 6 || total
-------------------------+-------+-------++-------
Melee: Trident           |   115 |    18 ||   133
Armor: Scale mail        |    39 |     8 ||    47
Dodge: Dodged            |    34 |    11 ||    45
Block: Buckler           |    15 |     2 ||    17
